 Dungeon Crawl Stone Soup version 0.26.1-2-gb8aa6d0cf2 (webtiles) character file.

Game seed: 16454526990401364271

65 dohliylev the Chopper (level 3, -3/34 HPs)
             Began as a Minotaur Berserker on Mar 24, 2021.
             Was a Believer of Trog.
             Slain by an orc warrior
             ... wielding a +0 glaive
              (17 damage)
             ... on level 3 of the Dungeon.
             The game lasted 00:02:41 (1608 turns).

dohliylev the Chopper (Minotaur Berserker)          Turns: 1608, Time: 00:02:42

Health: -3/34      AC:  7    Str: 22    XL:     3   Next: 94%
Magic:  2/2        EV: 15    Int:  4    God:    Trog [**....]
Gold:   121        SH:  0    Dex:  9    Spells: 2/2 levels left

rFire    . . .     SeeInvis .   a - +0 hand axe
rCold    . . .     Faith    .   (no shield)
rNeg     . . .     Spirit   .   o - +0 scale mail
rPois    .         Reflect  .   (helmet restricted)
rElec    .         Harm     .   h - +0 cloak
rCorr    .         Rampage  .   (no gloves)
Will     .....                  (no boots)
Stlth    ..........             (no amulet)
HPRegen  0.11/turn              m - +4 ring of evasion
MPRegen  0.08/turn              (no ring)

@: confused, berserk cooldown, slowed, very slow
A: retaliatory headbutt, horns 2
a: Renounce Religion, Berserk, Trog's Hand


You were on level 3 of the Dungeon.
You worshipped Trog.
Trog was pleased with you.
You visited 1 branch of the dungeon, and saw 3 of its levels.

You collected 121 gold pieces.

Inventory:

Hand Weapons
 a - a +0 hand axe (weapon)
Armour
 h - a +0 cloak (worn)
 o - a +0 scale mail (worn)
Jewellery
 m - a +4 ring of evasion (left hand)
Scrolls
 c - 2 scrolls of enchant weapon {unknown}
 e - a scroll of amnesia {unknown}
 f - 3 scrolls of identify {unknown}
 g - a scroll of magic mapping {unknown}
 k - a scroll of remove curse {unknown}
Potions
 d - 2 potions of curing {unknown}
 i - a potion of attraction {unknown}
 j - a potion of magic {unknown}
 l - a potion of invisibility {unknown}


   Skills:
 + Level 4.5 Fighting
 + Level 4.7 Axes
 - Level 2.4 Armour
 + Level 2.8 Dodging


You had 2 spell levels left.
You didn't know any spells.
Your spell library was empty.

Dungeon Overview and Level Annotations

Branches:
Dungeon (3/15)

Altars:
The Shining One


Innate Abilities, Weirdness & Mutations

You reflexively headbutt those who attack you in melee.
You have a pair of horns on your head.


Message History

The orc priest hits you but does no damage.
The orc warrior hits you but does no damage.
The orc wizard gestures at you while chanting.
You are confused.
The orc priest hits you with a +0 dagger.
You are too confused!
Unknown command.
You closely miss the orc priest. Your headbutt misses the orc priest.
The orc priest is lightly wounded.
You miss the orc wizard. The orc warrior barely misses you.
The orc wizard misses you. The orc priest misses you.
The orc wizard hits you but does no damage.
The orc priest hits you with a +0 dagger.
The orc warrior barely misses you.
You're too confused to move!
The orc completely misses you.
The orc wizard hits you but does no damage.
The orc priest barely misses you. The orc barely misses you.
The orc warrior hits you from afar with a +0 glaive!
Ouch! That really hurt!
You die...

....... ....... .........
......... ........# ##
......oo## ..
.......oo#### ..
.......o@)..######.##
........o.#......# ..## .
><.....))..#####.## ..##.
.......†....####..###....
..............###.#......
............#........[...
.......####..#####.......
......# ##....##.#..#..
####.# ####.#..#.....


You could see an orc warrior, an orc priest, an orc wizard and 3 orcs.

Vanquished Creatures
  An ooze (D:2)
  2 dart slugs
  3 leopard geckos (D:1)
  5 orcs (D:3)
  7 bats
  2 giant cockroaches
  2 goblins
  8 hobgoblins
  4 jackals
  2 kobolds
  2 quokkas (D:2)
  A ball python (D:1)
  A frilled lizard (D:2)
  4 rats
44 creatures vanquished.

Notes
Turn   | Place    | Note
-------+----------+-------------------------------------------
     0 | D:1      | dohliylev the Minotaur Berserker began the quest for the
                  | Orb.
     0 | D:1      | Reached XP level 1. HP: 19/19 MP: 0/0
    97 | D:1      | Reached XP level 2. HP: 18/27 MP: 1/1
   604 | D:1      | Reached ** piety under Trog
   605 | D:1      | Reached XP level 3. HP: 33/33 MP: 2/2
   653 | D:2      | Found a faded altar of an unknown god.
  1122 | D:2      | Found a glowing golden altar of the Shining One.
  1602 | D:3      | Noticed an orc warrior
  1608 | D:3      | Slain by an orc warrior

Illustrated notes

Levels and vault maps discovered:
D:1:      lightli_arrival_flooded_house, layout_rooms, dk_noncrumbling_4
D:2:      layout_loops_corners, nicolae_tso_swordbearing_angel,
          chequers_ecumenical_altar_simple_redux
D:3:      layout_rooms, nzn_hepliaklqana_mist_gate, bh_walls_and_bars

Skill      XL: |  1 |
---------------+----+-----
Fighting       | 4 |  4.5
Axes           | 4 |  4.7
Armour         | |  2.4
Dodging        | |  2.8

Action                   || total
-------------------------++-------
Melee: Hand axe          ||    52
       Headbutt          ||    10
Invok: Berserk           ||     1
Armor: Animal skin       ||    11
       Scale mail        ||     6
Dodge: Dodged            ||    69
